 Dungeon Crawl Stone Soup version 0.27.0-1-g7a089689b8 (webtiles) character file.

Game seed: 16978362135152090631

61901 Zeebu the Corrupter of Planes (level 14, -2/114 HPs)
             Began as a Demonspawn Abyssal Knight on Aug 17, 2021.
             Was the Champion of Lugonu.
             Slain by a +5 scythe of Luxury {chaos, *Noise rElec rF+ Dex+4} (12 damage)
             ... on level 2 of the Lair of Beasts.
             The game lasted 00:57:17 (20877 turns).

Zeebu the Corrupter of Planes (DsAK)               Turns: 20877, Time: 00:57:17

Health: -2/114     AC: 25    Str: 17    XL:     14   Next: 62%
Magic:  24/24      EV: 14    Int: 18    God:    Lugonu [******]
Gold:   874        SH:  7    Dex: 16    Spells: 13/13 levels left

rFire    . . .     SeeInvis .   L - +3 war axe (flame)
rCold    . . .     Faith    .   A - +2 buckler
rNeg     . . .     Spirit   .   a - +3 scale mail of the Stallion {Regen+ Int+4 Dex+3}
rPois    +         Reflect  .   S - +1 hat
rElec    .         Harm     .   b - +2 cloak {Stlth+}
rCorr    +         Rampage  .   m - +0 pair of gloves
Will     +....                  (boots unavailable)
Stlth    +.........             f - amulet of regeneration
HPRegen  2.29/turn              T - +4 ring of protection
MPRegen  0.19/turn              F - ring of poison resistance

@: mighty
A: hooves 3, yellow scales 3, icemail 1, powered by pain 1, condensation shield
a: Renounce Religion, Depart the Abyss, Bend Space, Banish, Corrupt, Enter the
Abyss, Brand Weapon With Distortion


You were on level 2 of the Lair of Beasts.
You worshipped Lugonu.
Lugonu was exalted by your worship.
You visited 3 branches of the dungeon, and saw 19 of its levels.
You visited the Abyss 1 time.

You collected 2176 gold pieces.
You spent 1302 gold pieces at shops.

Inventory:

Hand Weapons
 L - a +3 war axe of flaming (weapon)
Missiles
 o - 45 poisoned darts
Armour
 a - the +3 scale mail of the Stallion (worn) {Regen+ Int+4 Dex+3}
   (You bought it in a shop on level 7 of the Dungeon)

   Int:       It affects your intelligence (+4).
   Dex:       It affects your dexterity (+3).
   Regen:     It increases your rate of health regeneration.
 b - a +2 cloak of stealth (worn)
 m - a +0 pair of gloves (worn)
 A - a +2 buckler (worn)
 H - a +2 robe of cold resistance
 S - a +1 hat (worn)
 W - a +1 ring mail of fire resistance
Jewellery
 f - an amulet of regeneration (around neck)
 F - a ring of poison resistance (right hand)
 M - a ring of positive energy
 T - a +4 ring of protection (left hand)
Wands
 q - a wand of charming (4)
 t - a wand of flame (31)
 y - a wand of paralysis (32)
 C - a wand of acid (6)
 G - a wand of digging (4)
 K - a wand of polymorph (12)
 P - a wand of mindburst (17)
 R - a wand of iceblast (15)
Scrolls
 c - 3 scrolls of fear
 d - 2 scrolls of vulnerability
 g - 6 scrolls of magic mapping
 h - 6 scrolls of enchant weapon
 i - 7 scrolls of teleportation
 k - 5 scrolls of amnesia
 l - 2 scrolls of blinking
 p - a scroll of summoning {unknown}
 s - 7 scrolls of enchant armour
 u - a scroll of holy word {unknown}
 B - 4 scrolls of fog
 D - 2 scrolls of immolation {unknown}
 E - a scroll of silence {unknown}
 I - 2 scrolls of brand weapon
Potions
 e - 5 potions of curing
 j - 5 potions of brilliance
 n - 4 potions of berserk rage
 r - 6 potions of attraction
 v - a potion of haste {unknown}
 w - a potion of ambrosia {unknown}
 x - 4 potions of mutation
 z - 4 potions of flight
 J - a potion of magic {unknown}
 N - 2 potions of invisibility {unknown}
 O - 3 potions of heal wounds
 Q - 4 potions of might
 U - 2 potions of resistance {unknown}
 Y - 2 potions of cancellation
Miscellaneous
 V - a phantom mirror
 X - a piece from Xom's chessboard (15/15)
 Z - a tin of tremorstones (2/2)


   Skills:
 + Level 11.7 Fighting
 + Level 6.5(8.5) Axes
 - Level 8.5(9.4) Maces & Flails
 + Level 10.7 Armour
 + Level 10.5 Dodging
 + Level 2.8 Shields
 + Level 14.4 Invocations
 - Level 6.0 Evocations


You had 13 spell levels left.
You didn't know any spells.
Your spell library contained the following spells:

 Spells                   Type           Power      Damage    Failure   Level
 Animate Skeleton         Necr           0%         N/A       56%         1
 Pain                     Necr           0%         1d4       56%         1
 Sandblast                Erth           0%         2d4       56%         1
 Blink                    Tloc           N/A        N/A       71%         2
 Slow                     Hex            0%         N/A       71%         2
 Sublimation of Blood     Necr           0%         N/A       71%         2
 Confusing Touch          Hex            0%         N/A       90%         3
 Conjure Flame            Conj/Fire      0%         6-21      90%         3
 Dazzling Flash           Conj/Hex       0%         N/A       90%         3
 Frozen Ramparts          Ice            0%         1d2       90%         3
 Ignite Poison            Fire/Tmut/Pois 0%         N/A       90%         3
 Mephitic Cloud           Conj/Pois/Air  0%         N/A       90%         3
 Stone Arrow              Conj/Erth      0%         3d7       90%         3
 Summon Guardian Golem    Hex/Summ       0%         N/A       90%         3
 Vampiric Draining        Necr           0%         2d6       90%         3
 Animate Armour           Summ/Erth      0%         N/A       100%        4
 Ice Form                 Ice/Tmut       0%         N/A       100%        4
 Petrify                  Tmut/Erth      0%         N/A       100%        4
 Sticky Flame             Conj/Fire      0%         2d3       100%        4
 Summon Ice Beast         Ice/Summ       0%         N/A       100%        4
 Summon Lightning Spire   Summ/Air       0%         N/A       100%        4
 Agony                    Necr           0%         N/A       100%        5
 Bolt of Magma            Conj/Fire/Erth 0%         4d4       100%        5
 Irradiate                Conj/Tmut      0%         3d14      100%        5
 Silence                  Hex/Air        0%         N/A       100%        5
 Yara's Violent Unravell  Hex/Tmut       0%         3d3       100%        5
 Orb of Destruction       Conj           0%         N/A       100%        7
 Spellforged Servitor     Conj/Summ      0%         N/A       100%        7
 Storm Form               Tmut/Air       0%         N/A       100%        7
 Lehudib's Crystal Spear  Conj/Erth      0%         10d2      100%        8
 Maxwell's Capacitive Co  Air            0%         ∞         100%        8


Dungeon Overview and Level Annotations

Branches:
Dungeon (12/15)            Temple (1/1) D:7            Lair (6/6) D:9
  Swamp (0/4) Lair:3       Spider (0/4) Lair:4        Slime (0/5) Lair:5
    Orc (0/2) D:12

Altars:
Ashenzari
Cheibriados
Dithmenos
Elyvilon
Fedhas
Gozag
Hepliaklqana
Kikubaaqudgha
Makhleb
Nemelex Xobeh
Okawaru
Qazlal
Ru
Sif Muna
Trog
Uskayaw
Vehumet
Wu Jian
Xom
Yredelemnul
Zin
The Shining One
Jiyva

Shops:
D:2 *   D:3 (   D:4 ?   D:7 [   D:10 *

Annotations:
D:11 exclusions: obsidian statue and orange crystal statue
D:12 exclusion: golden eye
Lair:5 1 runed translucent door
Abyss:1 Harold, Snorg


Innate Abilities, Weirdness & Mutations

You have hooves in place of feet.
You are completely covered in yellow scales. (AC +4, rCorr)
A meltable icy envelope protects you from harm. (AC +0)
You sometimes gain a little power by taking damage.
A meltable shield of frost defends you. (SH +0)


Message History

Junaliek's ghost barely misses you.
The +5 scythe of Luxury {chaos, *Noise rElec rF+ Dex+4} hits you from afar!
You focus on the pain.
You feel mightier all of a sudden.
Your icy defenses dissipate!
The +5 scythe of Luxury {chaos, *Noise rElec rF+ Dex+4} burns you.
You barely miss Junaliek's ghost. You kick Junaliek's ghost!
Junaliek's ghost is heavily damaged.
Junaliek's ghost misses you.
The +5 scythe of Luxury {chaos, *Noise rElec rF+ Dex+4} hits you from afar!!
You hit Junaliek's ghost but do no damage.
You kick Junaliek's ghost.
Junaliek's ghost is heavily damaged.
Junaliek's ghost hits you but does no damage.
You block the +5 scythe of Luxury {chaos, *Noise rElec rF+ Dex+4}'s attack.
Unknown command.
You hit Junaliek's ghost. You burn Junaliek's ghost. You kick Junaliek's ghost.
Junaliek's ghost is severely damaged.
Junaliek's ghost completely misses you.
The +5 scythe of Luxury {chaos, *Noise rElec rF+ Dex+4} closely misses you.
You slash Junaliek's ghost! You burn Junaliek's ghost.
You kick Junaliek's ghost.
Junaliek's ghost is almost destroyed.
You block Junaliek's ghost's attack.
The +5 scythe of Luxury {chaos, *Noise rElec rF+ Dex+4} hits you from afar.
The +5 scythe of Luxury {chaos, *Noise rElec rF+ Dex+4} burns you.
You hit Junaliek's ghost. You burn Junaliek's ghost. You kick Junaliek's ghost.
Junaliek's ghost is almost destroyed.
Junaliek's ghost says, "Ah, a second chance to prove myself in battle!"
You block Junaliek's ghost's attack.
The +5 scythe of Luxury {chaos, *Noise rElec rF+ Dex+4} hits you from afar!
You hit Junaliek's ghost. You burn Junaliek's ghost. You kick Junaliek's ghost.
You destroy Junaliek's ghost!
Lugonu accepts your kill.
The +5 scythe of Luxury {chaos, *Noise rElec rF+ Dex+4} hits you from afar!
The +5 scythe of Luxury {chaos, *Noise rElec rF+ Dex+4} hits you!!
* * * LOW HITPOINT WARNING * * *
You focus on the pain.
You feel mightier all of a sudden.
The +5 scythe of Luxury {chaos, *Noise rElec rF+ Dex+4} burns you!
You die...

######..#.#..P.###..........#....
....P#...#......#.....#.>...#....
.........#......#P..........#....
....P...........###..............
....##..##.....##.##........#)...
....##..##.....#._|#..P..........
.##..#..###...###'##..P..........
.###......#.#...(......#.#.......
................@................
.................................
..............................###
.............................##..
..#.#.......................##...
..##....#########......#...##....
.####...#..#####......#....#....#
..##....#......#..........#...###
.......#.......P........###....##


You could see a +5 scythe of Luxury {chaos, *Noise rElec rF+ Dex+4}.

Vanquished Creatures
  Gastronok (D:10)
  The ghost of Junaliek the Protected, a journeyman MiFi of Okawaru (Lair:2)
  6 hydras
  A centaur warrior (D:11)
  A boulder beetle (D:12)
  A catoblepas (Lair:6)
  A two-headed ogre (D:11)
  Erica (D:8)
  Sonja (D:10)
  Pikel (D:9)
  A lindwurm (Lair:4)
  2 oklob plants (Lair:2)
  A deep elf pyromancer (D:8)
  A cyclops (D:11)
  An ugly thing (D:12)
  Maurice (D:8)
  3 elephants (Lair:6)
  5 black mambas
  4 torpor snails
  9 komodo dragons
  Maggie (D:9)
  11 cane toads
  2 rime drakes (Lair:6)
  A troll (D:9)
  4 polar bears (Lair:6)
  Prince Ribbit (D:5)
  7 hornets (Lair:6)
  25 blink frogs
  8 dream sheep
  11 spriggans
  2 shadows
  5 wyverns
  2 wraiths (D:12)
  A basilisk (Lair:5)
  83 yaks
  2 steam dragons
  Grum (D:10)
  Eustachio (D:6)
  2 swamp worms (Lair:3)
  2 vampire mosquitoes (D:12)
  Duvessa (D:5)
  2 orc warriors
  26 water moccasins
  2 swamp drakes
  4 black bears
  34 wolves
  2 ogres (D:4)
  3 necrophages
  3 boggarts
  A centaur (D:11)
  A lemure (D:9)
  2 kobold brigands
  2 scorpions
  15 bullfrogs
  A wyvern zombie (D:6)
  2 water moccasin zombies (D:5)
  Dowan (D:5)
  A water moccasin skeleton (D:6)
  6 killer bees
  8 wights
  A howler monkey (Lair:6)
  11 electric eels
  7 centaur zombies
  3 hounds
  3 jellies
  2 bullfrog skeletons
  3 orc priests
  2 centaur skeletons (D:7)
  3 iguanas
  6 orc wizards
  A hound skeleton (D:4)
  A howler monkey zombie (D:6)
  21 adders
  14 gnolls
  2 howler monkey skeletons
  2 shadow imps
  A white imp (D:6)
  An adder skeleton (D:4)
  2 dart slugs (D:2)
  24 orcs
  4 endoplasms
  6 giant cockroaches
  13 goblins
  17 hobgoblins
  7 jackals
  17 kobolds
  6 quokkas
  8 ball pythons
  12 bats
  3 frilled lizards
  7 rats
  A spectral goblin (D:3)
543 creatures vanquished.

Vanquished Creatures (others)
  A yak (Lair:6)
  5 adders (Lair:3)
  48 fungi
  124 plants
178 creatures vanquished.

Grand Total: 721 creatures vanquished

Notes
Turn   | Place    | Note
-------+----------+-------------------------------------------
     0 | Abyss:1  | Zeebu the Demonspawn Abyssal Knight began the quest for the
                  | Orb.
     0 | Abyss:1  | Reached XP level 1. HP: 18/18 MP: 2/2
    45 | Abyss:1  | Noticed a large abomination
    64 | Abyss:1  | Noticed a ynoxinul
    66 | Abyss:1  | Noticed a quasit
    69 | D:1      | Escaped the Abyss
   131 | D:1      | Reached skill level 1 in Dodging
   223 | D:1      | Gained mutation: You have large cloven feet. [demonic
                  | ancestry]
   223 | D:1      | Reached XP level 2. HP: 21/24 MP: 4/4
   571 | D:1      | Reached * piety under Lugonu
   944 | D:1      | Reached skill level 3 in Invocations
   977 | D:1      | Gained mutation: A meltable shield of frost defends you.
                  | (SH +0) [demonic ancestry]
   977 | D:1      | Reached XP level 3. HP: 26/29 MP: 5/5
  1219 | D:1      | Found an ornate altar of the Wu Jian Council.
  1502 | D:2      | Found Miskenk's Assorted Antiques.
  1509 | D:2      | Bought a puce potion for 24 gold pieces
  1607 | D:2      | Reached ** piety under Lugonu
  1995 | D:2      | Reached XP level 4. HP: 35/35 MP: 6/6
  2348 | D:2      | Reached XP level 5. HP: 39/42 MP: 7/7
  2540 | D:2      | Bought a scroll labelled AWEYNU UBEE for 27 gold pieces
  2645 | D:3      | Found a faded altar of an unknown god.
  2868 | D:3      | Reached skill level 4 in Invocations
  2890 | D:3      | Found Olae's Antique Weapon Boutique.
  3525 | D:4      | Reached *** piety under Lugonu
  3530 | D:4      | Gained mutation: You have hoof-like feet. [demonic
                  | ancestry]
  3530 | D:4      | Reached XP level 6. HP: 37/48 MP: 9/9
  3551 | D:4      | Found Ojojotir's Magic Scroll Boutique.
  3558 | D:4      | Bought a scroll of teleportation for 36 gold pieces
  3558 | D:4      | Bought a scroll of identify for 24 gold pieces
  3751 | D:4      | Gained mutation: A meltable icy envelope protects you from
                  | harm. (AC +0) [demonic ancestry]
  3751 | D:4      | Reached XP level 7. HP: 55/55 MP: 10/10
  3793 | D:4      | Reached skill level 5 in Invocations
  3949 | D:4      | Found an ancient bone altar of Kikubaaqudgha.
  4129 | D:4      | Bought a scroll of magic mapping for 42 gold pieces
  4147 | D:5      | Entered Level 5 of the Dungeon
  4154 | D:4      | Reached skill level 5 in Fighting
  4272 | D:5      | Gained mutation: You have hooves in place of feet. [demonic
                  | ancestry]
  4272 | D:5      | Reached XP level 8. HP: 50/62 MP: 12/12
  4273 | D:5      | Reached **** piety under Lugonu
  4366 | D:5      | Noticed Prince Ribbit
  4377 | D:5      | Killed Prince Ribbit
  4378 | D:5      | Reached skill level 6 in Invocations
  4503 | D:5      | Noticed Duvessa
  4503 | D:5      | Noticed Dowan
  4653 | D:5      | HP: 2/94 [killer bee (5)]
  4805 | D:5      | Killed Duvessa
  4806 | D:5      | Killed Dowan
  4931 | D:6      | Reached skill level 5 in Maces & Flails
  4931 | D:6      | Reached skill level 5 in Armour
  4931 | D:6      | Reached skill level 7 in Invocations
  5065 | D:6      | Gained mutation: You sometimes gain a little power by
                  | taking damage. [demonic ancestry]
  5065 | D:6      | Reached XP level 9. HP: 64/69 MP: 14/14
  5395 | D:6      | Noticed Eustachio
  5413 | D:6      | Killed Eustachio
  5487 | D:6      | Reached skill level 5 in Dodging
  6178 | D:7      | Reached skill level 8 in Invocations
  6287 | D:7      | Found Messom's Antique Armour Boutique.
  6425 | D:7      | Noticed Harold
  6569 | D:7      | Banished Harold
  6570 | D:7      | Gained mutation: You are partially covered in yellow
                  | scales. (AC +2) [demonic ancestry]
  6570 | D:7      | Reached XP level 10. HP: 26/79 MP: 7/16
  6574 | D:7      | Reached skill level 9 in Invocations
  6770 | D:7      | Found a staircase to the Ecumenical Temple.
  6786 | Temple   | Entered the Ecumenical Temple
  7328 | D:8      | Found a radiant altar of Vehumet.
  7458 | D:8      | Noticed Erica
  7472 | D:8      | Killed Erica
  7509 | D:8      | Noticed a two-headed ogre
  7511 | D:8      | Banished a two-headed ogre
  7588 | D:8      | Noticed Maurice
  7632 | D:8      | Killed Maurice
  7890 | D:8      | Reached ***** piety under Lugonu
  7977 | D:8      | Got the Compendium of the Dusty Voyage
  8077 | D:8      | Noticed a deep elf pyromancer
  8081 | D:8      | Killed a deep elf pyromancer
  8082 | D:8      | Reached skill level 10 in Invocations
  8415 | D:9      | Noticed Maggie
  8423 | D:9      | Killed Maggie
  8472 | D:9      | Reached XP level 11. HP: 61/86 MP: 18/18
  8769 | D:9      | Noticed Pikel
  8782 | D:9      | Killed Pikel
  8795 | D:9      | Found a staircase to the Lair.
  9617 | D:4      | Bought a scroll of enchant weapon for 90 gold pieces
  9732 | D:10     | Entered Level 10 of the Dungeon
  9732 | D:10     | Noticed Grum
  9755 | D:10     | Killed Grum
  9780 | D:10     | Noticed Sonja
  9803 | D:10     | Noticed Snorg
  9823 | D:9      | HP: 4/87 [Snorg (12)]
  9824 | D:9      | Banished Snorg
 10062 | D:10     | Reached skill level 11 in Invocations
 10062 | D:10     | Reached skill level 1 in Evocations
 10385 | D:10     | Noticed Gastronok
 10460 | D:10     | Found Masim's Merry Market.
 10490 | D:10     | Bought 3 potions of might for 156 gold pieces
 10621 | D:10     | Killed Gastronok
 10885 | D:10     | Found Masim's Merry Market.
 11011 | D:10     | Killed Sonja
 11381 | Lair:1   | Entered Level 1 of the Lair of Beasts
 11548 | Lair:1   | Gained mutation: You are mostly covered in yellow scales.
                  | (AC +3) [demonic ancestry]
 11548 | Lair:1   | Reached XP level 12. HP: 72/95 MP: 20/20
 12227 | Lair:2   | Reached skill level 1 in Axes
 12758 | Lair:2   | Noticed a six-headed hydra
 12767 | Lair:2   | Killed a two-headed hydra
 12768 | Lair:2   | Reached skill level 12 in Invocations
 12812 | Lair:2   | Found a runed translucent door.
 12812 | Lair:2   | Found a shimmering altar of Xom.
 12812 | Lair:2   | Noticed Junaliek's ghost (journeyman MiFi)
 12813 | Lair:2   | Identified the +5 scythe of Luxury {chaos, *Noise rElec rF+
                  | Dex+4}
 13205 | Lair:3   | Noticed a six-headed hydra
 13219 | Lair:3   | Killed a one-headed hydra
 13220 | Lair:3   | Reached skill level 10 in Fighting
 13502 | Lair:3   | Reached skill level 5 in Evocations
 13745 | Lair:3   | Found a staircase to the Swamp.
 13842 | Lair:3   | Noticed an eight-headed hydra
 13853 | Lair:3   | Killed a two-headed hydra
 13854 | Lair:3   | Gained mutation: You are completely covered in yellow
                  | scales. (AC +4, rCorr) [demonic ancestry]
 13854 | Lair:3   | Reached XP level 13. HP: 82/103 MP: 22/22
 14441 | Lair:4   | Reached ****** piety under Lugonu
 14848 | Lair:4   | Found a hole to the Spider Nest.
 15243 | Lair:4   | Identified the +3 scale mail of Nemelex Xobeh's Grace
                  | {Dex+6}
 15428 | Lair:5   | Reached skill level 13 in Invocations
 15492 | Lair:5   | Found a runed translucent door.
 15621 | Lair:5   | Found a viscous altar of Jiyva.
 15623 | Lair:5   | Found a staircase to the Slime Pits.
 15623 | Lair:5   | Noticed an azure jelly
 15691 | Lair:5   | Found a snail-covered altar of Cheibriados.
 16230 | Lair:6   | Entered Level 6 of the Lair of Beasts
 16488 | Lair:6   | Reached skill level 10 in Armour
 16492 | Lair:6   | Reached skill level 5 in Axes
 16773 | Lair:6   | Reached skill level 10 in Dodging
 16779 | Lair:6   | Reached XP level 14. HP: 37/113 MP: 24/24
 17188 | Lair:6   | Reached skill level 1 in Shields
 17209 | Lair:6   | Reached skill level 14 in Invocations
 17626 | Lair:6   | Paralysed by a hornet for 1 turns
 19048 | D:4      | Bought a scroll of acquirement for 624 gold pieces
 19051 | D:4      | Acquired 812 gold pieces
 19166 | D:7      | Bought an ichor-stained scale mail for 279 gold pieces
 19166 | D:7      | Identified the +3 scale mail of the Stallion {Regen+ Int+4
                  | Dex+3} (You bought it in a shop on level 7 of the Dungeon)
 20024 | D:12     | Found a staircase to the Orcish Mines.
 20876 | Lair:2   | Killed Junaliek's ghost
 20877 | Lair:2   | Slain by a +5 scythe of Luxury {chaos, *Noise rElec rF+
                  | Dex+4}

Illustrated notes

Levels and vault maps discovered:
D:1:      dpeg_arrival_water_altar, layout_rooms, serial_corexii_hall,
          corexii_hall_statues_t, chequers_hall_statues_corner_a
D:2:      minmay_razor_zed, layout_basic, serial_shops, shop
D:3:      layout_basic, dreamdust_ecumenical_altar_drowned_temple, serial_shops,
          shop, serial_bayou_pond_d, fountainhead, grunt_ministairs_14
D:4:      layout_rooms, mainiacjoe_overflow_alcove_1, lemuel_round_altar,
          serial_shops, shop, kennysheep_decorative_pillar,
          chequers_serial_rivers_small_a, minmay_unequal
D:5:      layout_basic, grunt_ministairs_10, uniq_prince_ribbit1, uniq_duvessa
D:6:      layout_loops_ring, grunt_decor_clamped, uniq_eustachio
D:7:      layout_layer_cave, minmay_temple_entry_tees, serial_shops, shop,
          uniq_harold
D:8:      corexii_shantytown, layout_basic, fiery_altar_vehumet,
          guppyfry_early_elven_hall, uniq_maurice, uniq_erica
D:9:      layout_loops_ring, mainiacjoe_overflow_boulevard, lair_entry_dummy,
          serial_bayou, serial_bayou_pond_e, serial_bayou_lake_a,
          serial_bayou_pond_d, serial_bayou_shore_a, uniq_pikel, uniq_maggie
D:10:     layout_loops_ring, nicolae_alphabet_shops, hangedman_glass_teeth,
          minmay_misc_feat_ornament, uniq_snorg, uniq_sonja, uniq_grum,
          uniq_gastronok
D:11:     layout_irregular_city, david_greed
D:12:     layout_basic, orc_0_dummy, serial_bayou, serial_bayou_pond_c,
          serial_bayou_lagoon_a, serial_bayou_shore_b, serial_bayou_pond_d,
          minivault_12
Temple:   regret_index_temple_mists
Lair:1:   layout_regular_city
Lair:2:   layout_regular_city, ebering_ghost_xom, lemuel_fruit_fields,
          grunt_megastairs_5
Lair:3:   lemuel_reptile_caves, layout_long_grid, minmay_swamp_entry_worms
Lair:4:   layout_hall_layers, spider_nest_entry_web_field,
          chequers_serial_rivers_small_b, eino_small_chamber_without_monster,
          hibernation_bobbens
Lair:5:   layout_hall_layers, slime_altar_2, basic_altar, lemuel_fruit_tree,
          lemuel_fruit_fields
Lair:6:   minmay_lair_end_enchanted_forest, layout_gridlike

Skill      XL: |  1  2  3  4  5  6  7  8  9 10 11 12 13 14 |
---------------+-------------------------------------------+-----
Dodging        | 1 2 3 4 6 7 8 9 10 | 10.5
Maces & Flails | 2 3 4 5 6 7 8 |  8.5
Armour         | 2 3 4 5 6 7 8 9 10 | 10.7
Invocations    | 3 4 5 7 8 10 11 12 13 14 | 14.4
Fighting       | 4 5 6 7 8 9 10 11 | 11.7
Evocations     | 2 5 6 |  6.0
Axes           | 3 5 6 |  6.5
Shields        | 2 |  2.8

Action                   |  1- 3 |  4- 6 |  7- 9 | 10-12 | 13-15 || total
-------------------------+-------+-------+-------+-------+-------++-------
Melee: Mace              |    88 |       |       |       |       ||    88
       Kick              |    20 |    38 |    73 |   194 |   321 ||   646
       Short sword       |    33 |   201 |   141 |       |       ||   375
       War axe           |       |       |   158 |   632 |   812 ||  1602
       Quarterstaff      |       |       |       |    33 |       ||    33
Invok: Depart the Abyss  |     1 |       |       |       |       ||     1
       Banish            |       |       |     3 |     4 |       ||     7
       Bend Space        |       |       |     3 |     1 |     2 ||     6
Evoke: Wand              |       |       |     1 |     3 |     3 ||     7
  Use: Potion            |       |     2 |     2 |       |       ||     4
       Scroll            |       |       |     2 |     4 |    10 ||    16
 Stab: Sleeping          |     1 |     1 |       |     8 |       ||    10
       Petrified         |       |       |       |       |     3 ||     3
       Distracted        |       |       |       |       |     1 ||     1
Armor: Leather armour    |    44 |    53 |   126 |     1 |       ||   224
       Skin              |       |     2 |     9 |       |       ||    11
       Robe              |       |       |       |    25 |       ||    25
       Acid dragon scale |       |       |       |   288 |       ||   288
       Scale mail        |       |       |       |       |   467 ||   467
       Ring mail         |       |       |       |       |    65 ||    65
Dodge: Dodged            |    83 |   115 |   272 |   753 |   784 ||  2007
Block: Other             |    11 |    40 |    74 |   124 |   169 ||   418
       Buckler           |       |       |       |       |    68 ||    68
